2226 views
Uploaded 2022-09-06 03:57:11
Game version 1.33
89:27 long 3on3 ladder game on (6)ThunderLake_LV
Saved by GIGA
2226 views
Uploaded 2022-09-06 03:57:11
Game version 1.33
89:27 long 3on3 ladder game on (6)ThunderLake_LV


284 units @ 42.3k
/ 6.7k
167 buildings @ 22.4k
/ 12.1k


| Potion of Healing | 1 | 150 |
| Scroll of Town Portal | 7 | 2450 |
| total: | 8 | 2600g |
| Wisp | 62 | 3720 | / | 0 |
| Archer | 2 | 260 | / | 20 |
| Huntress | 8 | 1560 | / | 160 |
| Mountain Giant | 7 | 2450 | / | 700 |
| Hippogryph | 26 | 4160 | / | 520 |
| Chimaera | 3 | 990 | / | 210 |
| Glaive Thrower | 4 | 840 | / | 260 |
| total: | 112 | 13980g | / | 1870w |
| Ancient Protector | 41 | 5535 | / | 3280 |
| Altar of Elders | 1 | 180 | / | 50 |
| Moon Well | 7 | 1260 | / | 280 |
| Ancient of War | 2 | 300 | / | 120 |
| Hunter's Hall | 1 | 210 | / | 100 |
| Ancient of Wonders | 2 | 180 | / | 60 |
| Tree of Life | 3 | 1020 | / | 555 |
| Ancient of Lore | 2 | 310 | / | 290 |
| Ancient of Wind | 2 | 300 | / | 280 |
| Chimaera Roost | 4 | 560 | / | 760 |
| Tree of Ages | 1 | 320 | / | 180 |
| Tree of Eternity | 1 | 330 | / | 200 |
| total: | 65 | 9855g | / | 5775w |
| 0:03 | Wisp |
| 0:03 | Wisp |
| 0:10 | Altar of Elders |
| 0:13 | Moon Well |
| 0:21 | Wisp |
| 0:26 | Wisp |
| 0:35 | Wisp |
| 0:40 | Wisp |
| 0:47 | Wisp |
| 1:11 | Ancient of War |
| 1:16 | Wisp |
| 1:18 | Wisp |
| 1:42 | Hunter's Hall |
| 1:51 | Moon Well |
| 1:55 | Wisp |
| 2:13 | Ancient of War |
| 2:22 | Entangling Roots |
| 2:24 | Archer |
| 2:45 | Moon Well |
| 2:54 | Archer |
| 3:29 | Huntress |
| 4:04 | Huntress |
| 4:31 | Huntress |
| 5:00 | Huntress |
| 5:04 | Strength of the Moon |
| 5:42 | Huntress |
| 6:27 | Sentinel |
| 6:47 | Thorns Aura |
| 7:25 | Moon Armor |
| 7:27 | Wisp |
| 7:27 | Wisp |
| 7:41 | Ancient Protector |
| 7:41 | Ancient Protector |
| 7:42 | Ancient Protector |
| 7:43 | Ancient Protector |
| 7:50 | Ancient Protector |
| 8:03 | Ancient Protector |
| 8:04 | Wisp |
| 8:04 | Wisp |
| 8:04 | Wisp |
| 8:04 | Wisp |
| 8:05 | Wisp |
| 8:30 | Strength of the Wild |
| 8:31 | Reinforced Hides |
| 8:38 | Moon Well |
| 8:45 | Ancient of Wonders |
| 9:16 | Tree of Ages |
| 10:01 | Huntress |
| 10:42 | Ancient Protector |
| 11:05 | Huntress |
| 11:27 | Huntress |
| 11:42 | Ancient of Lore |
| 12:16 | Moon Glaive |
| 12:19 | Improved Strength of the Wild |
| 12:21 | Improved Strength of the Moon |
| 12:51 | Force of Nature |
| 13:02 | Ancient of Lore |
| 13:06 | Wisp |
| 13:11 | Wisp |
| 13:19 | Abolish Magic |
| 13:47 | Tree of Life |
| 13:52 | Wisp |
| 13:52 | Wisp |
| 13:52 | Wisp |
| 13:52 | Wisp |
| 13:52 | Wisp |
| 14:17 | Trueshot Aura |
| 15:18 | Wisp |
| 15:18 | Wisp |
| 15:22 | Moon Well |
| 15:25 | Advanced Strength of the Wild |
| 15:26 | Improved Reinforced Hides |
| 15:28 | Wisp |
| 15:29 | Wisp |
| 15:36 | Ancient of Wind |
| 15:52 | Wisp |
| 15:52 | Wisp |
| 15:52 | Wisp |
| 15:53 | Wisp |
| 15:53 | Wisp |
| 15:53 | Wisp |
| 16:02 | Moon Well |
| 16:23 | Moon Well |
| 17:24 | Scout |
| 17:30 | Mountain Giant |
| 17:42 | Hippogryph |
| 17:56 | Ancient of Wind |
| 18:21 | Ancient Protector |
| 18:29 | Hippogryph |
| 18:43 | Force of Nature |
| 19:10 | Hippogryph |
| 19:21 | Tree of Eternity |
| 19:39 | Hippogryph |
| 20:14 | Ancient Protector |
| 20:15 | Ancient Protector |
| 20:16 | Ancient Protector |
| 20:17 | Ancient Protector |
| 20:17 | Ancient Protector |
| 20:19 | Wisp |
| 20:19 | Wisp |
| 20:20 | Wisp |
| 20:20 | Wisp |
| 20:39 | Ancient of Wonders |
| 20:58 | Wisp |
| 20:58 | Wisp |
| 21:00 | Wisp |
| 21:17 | Wisp |
| 21:45 | Chimaera Roost |
| 21:49 | Chimaera Roost |
| 21:54 | Chimaera Roost |
| 22:00 | Hippogryph |
| 22:10 | Chimaera Roost |
| 22:40 | Tree of Life |
| 22:53 | Hippogryph |
| 23:20 | Wisp |
| 23:20 | Wisp |
| 23:29 | Corrosive Breath |
| 23:47 | Chimaera |
| 23:53 | Chimaera |
| 24:10 | Ancient Protector |
| 24:41 | Hippogryph |
| 24:45 | Scout |
| 25:03 | Scroll of Town Portal |
| 25:03 | Scroll of Town Portal |
| 26:37 | Advanced Reinforced Hides |
| 26:56 | Ancient Protector |
| 27:17 | Hippogryph |
| 27:37 | Ancient Protector |
| 27:38 | Ancient Protector |
| 27:38 | Ancient Protector |
| 27:39 | Ancient Protector |
| 27:57 | Ancient Protector |
| 28:18 | Ancient Protector |
| 28:37 | Ancient Protector |
| 28:44 | Wisp |
| 29:22 | Hippogryph |
| 29:35 | Hippogryph |
| 29:44 | Wisp |
| 30:22 | Scroll of Town Portal |
| 30:27 | Wisp |
| 30:27 | Wisp |
| 30:31 | Wisp |
| 30:53 | Ancient Protector |
| 30:59 | Ancient Protector |
| 31:21 | Ancient Protector |
| 31:25 | Ancient Protector |
| 31:38 | Hippogryph |
| 31:54 | Hippogryph |
| 32:08 | Ancient Protector |
| 32:13 | Ancient Protector |
| 32:34 | Wisp |
| 32:34 | Wisp |
| 32:34 | Wisp |
| 32:34 | Wisp |
| 33:03 | Ancient Protector |
| 33:11 | Ancient Protector |
| 33:20 | Tree of Life |
| 33:50 | Ancient Protector |
| 34:04 | Vorpal Blades |
| 34:06 | Glaive Thrower |
| 34:08 | Glaive Thrower |
| 34:27 | Glaive Thrower |
| 34:42 | Ancient Protector |
| 34:45 | Wisp |
| 34:45 | Wisp |
| 34:55 | Ancient Protector |
| 35:10 | Well Spring |
| 35:11 | Ultravision |
| 35:25 | Wisp |
| 35:25 | Wisp |
| 35:30 | Wisp |
| 35:38 | Wisp |
| 35:45 | Wisp |
| 35:53 | Wisp |
| 36:13 | Advanced Strength of the Moon |
| 36:35 | Improved Moon Armor |
| 37:08 | Scroll of Town Portal |
| 37:41 | Chimaera |
| 38:27 | Hippogryph |
| 38:41 | Hippogryph |
| 39:00 | Hippogryph |
| 39:01 | Hippogryph |
| 39:06 | Hippogryph |
| 39:23 | Hippogryph |
| 39:31 | Wisp |
| 39:51 | Hippogryph |
| 39:55 | Hippogryph |
| 40:14 | Hippogryph |
| 40:40 | Hippogryph |
| 40:40 | Hippogryph |
| 41:18 | Scroll of Town Portal |
| 41:21 | Scroll of Town Portal |
| 41:43 | Ancient Protector |
| 41:44 | Ancient Protector |
| 41:44 | Ancient Protector |
| 41:45 | Ancient Protector |
| 41:45 | Ancient Protector |
| 42:06 | Ancient Protector |
| 42:13 | Ancient Protector |
| 42:23 | Ancient Protector |
| 42:45 | Nature's Blessing |
| 43:12 | Hippogryph |
| 43:39 | Advanced Moon Armor |
| 44:14 | Hippogryph |
| 44:30 | Hardened Skin |
| 44:30 | Resistant Skin |
| 44:32 | Mountain Giant |
| 45:07 | Mountain Giant |
| 46:35 | Glaive Thrower |
| 48:43 | Scroll of Town Portal |
| 48:43 | Potion of Healing |
| 49:10 | Mountain Giant |
| 49:20 | Hippogryph |
| 50:06 | Mountain Giant |
| 50:39 | Mountain Giant |
| 52:34 | Mountain Giant |
| 58:32 | Entangling Roots |
| Right click | 3201 |
| Select group | 2282 |
| Select | 1120 |
| Build/train/purchase | 270 |
| Use ability | 142 |
| Assign group | 71 |
| Misc. action | 37 |
| Chat | 7 |
| Remove unit | 6 |
| Resource trade | 5 |
| Item give/drop | 3 |
| Esc | 3 |
| Minimap ping | 2 |



| Scroll of Regeneration | 8 | 800 |
| Lesser Clarity Potion | 11 | 770 |
| Mechanical Critter | 2 | 100 |
| Potion of Mana | 3 | 600 |
| Potion of Healing | 2 | 300 |
| Orb of Fire | 1 | 325 |
| Ivory Tower | 3 | 120 |
| Scroll of Healing | 1 | 250 |
| Scroll of Town Portal | 10 | 3500 |
| Potion of Lesser Invulnerability | 1 | 150 |
| Boots of Speed | 1 | 250 |
| Tiny Great Hall | 2 | 1200 |
| total: | 45 | 8365g |
| Peasant | 16 | 1200 | / | 0 |
| Rifleman | 15 | 3075 | / | 450 |
| Mortar Team | 6 | 1080 | / | 420 |
| Priest | 10 | 1350 | / | 100 |
| Dragonhawk Rider | 16 | 3200 | / | 480 |
| Flying Machine | 7 | 700 | / | 210 |
| Knight | 4 | 980 | / | 240 |
| Gryphon Rider | 1 | 280 | / | 70 |
| Sorceress | 3 | 465 | / | 60 |
| Siege Engine | 2 | 390 | / | 120 |
| Spell Breaker | 1 | 215 | / | 30 |
| Footman | 1 | 135 | / | 0 |
| total: | 82 | 13070g | / | 2180w |
| Scout Tower | 17 | 510 | / | 340 |
| Arcane Tower | 4 | 280 | / | 200 |
| Guard Tower | 10 | 700 | / | 500 |
| Altar of Kings | 1 | 180 | / | 50 |
| Farm | 10 | 800 | / | 200 |
| Lumber Mill | 3 | 360 | / | 0 |
| Barracks | 1 | 160 | / | 60 |
| Arcane Vault | 2 | 260 | / | 60 |
| Blacksmith | 1 | 140 | / | 60 |
| Town Hall | 2 | 770 | / | 410 |
| Cannon Tower | 2 | 240 | / | 200 |
| Workshop | 1 | 140 | / | 140 |
| Arcane Sanctum | 1 | 150 | / | 140 |
| Gryphon Aviary | 3 | 420 | / | 450 |
| Keep | 1 | 320 | / | 210 |
| Castle | 1 | 360 | / | 210 |
| total: | 42 | 3890g | / | 1910w |
| 0:08 | Peasant |
| 0:08 | Peasant |
| 0:22 | Altar of Kings |
| 0:26 | Scout Tower |
| 0:30 | Farm |
| 0:41 | Peasant |
| 1:03 | Lumber Mill |
| 1:08 | Arcane Tower |
| 1:09 | Peasant |
| 1:19 | Barracks |
| 1:39 | Peasant |
| 1:52 | Arcane Vault |
| 2:13 | Peasant |
| 2:13 | Peasant |
| 2:13 | Peasant |
| 2:28 | Blacksmith |
| 2:52 | Farm |
| 2:57 | Scroll of Regeneration |
| 2:58 | Lesser Clarity Potion |
| 2:58 | Lesser Clarity Potion |
| 3:00 | Mechanical Critter |
| 3:02 | Summon Water Elemental |
| 3:17 | Improved Lumber Harvesting |
| 3:24 | Scout Tower |
| 3:27 | Improved Masonry |
| 3:48 | Rifleman |
| 3:56 | Black Gunpowder |
| 4:04 | Guard Tower |
| 4:12 | Farm |
| 4:43 | Rifleman |
| 4:47 | Studded Leather Armor |
| 5:03 | Rifleman |
| 5:35 | Rifleman |
| 5:41 | Blizzard |
| 5:56 | Farm |
| 7:08 | Rifleman |
| 7:09 | Keep |
| 7:48 | Rifleman |
| 7:54 | Farm |
| 8:36 | Rifleman |
| 8:37 | Rifleman |
| 9:18 | Farm |
| 9:44 | Town Hall |
| 9:48 | Scout Tower |
| 9:52 | Scout Tower |
| 10:00 | Scroll of Healing |
| 10:00 | Potion of Lesser Invulnerability |
| 10:02 | Boots of Speed |
| 10:17 | Workshop |
| 10:18 | Advanced Lumber Harvesting |
| 10:23 | Guard Tower |
| 11:37 | Brilliance Aura |
| 11:56 | Peasant |
| 11:56 | Peasant |
| 12:00 | Flare |
| 12:01 | Mortar Team |
| 12:10 | Arcane Sanctum |
| 12:13 | Castle |
| 12:35 | Scout Tower |
| 12:41 | Flame Strike |
| 12:44 | Long Rifles |
| 12:47 | Mortar Team |
| 12:49 | Refined Gunpowder |
| 13:28 | Cannon Tower |
| 13:31 | Farm |
| 13:36 | Magic Sentry |
| 13:36 | Priest Adept Training |
| 13:37 | Priest |
| 13:46 | Rifleman |
| 14:18 | Scroll of Regeneration |
| 14:18 | Lesser Clarity Potion |
| 14:24 | Lesser Clarity Potion |
| 14:25 | Potion of Mana |
| 14:30 | Scroll of Town Portal |
| 14:42 | Gryphon Aviary |
| 15:22 | Farm |
| 15:38 | Gryphon Aviary |
| 15:44 | Priest |
| 15:47 | Priest Master Training |
| 16:30 | Cloud |
| 16:48 | Fragmentation Shards |
| 18:16 | Dragonhawk Rider |
| 18:23 | Scout Tower |
| 18:39 | Scroll of Regeneration |
| 18:40 | Lesser Clarity Potion |
| 18:44 | Potion of Healing |
| 18:44 | Scroll of Town Portal |
| 19:01 | Black Arrow |
| 19:05 | Potion of Mana |
| 19:05 | Orb of Fire |
| 19:06 | Lesser Clarity Potion |
| 19:06 | Lesser Clarity Potion |
| 19:11 | Potion of Mana |
| 19:12 | Scroll of Town Portal |
| 19:17 | Arcane Tower |
| 19:24 | Priest |
| 19:27 | Flying Machine |
| 19:28 | Flying Machine Bombs |
| 19:54 | Flak Cannons |
| 19:55 | Flying Machine |
| 19:57 | Priest |
| 19:59 | Rifleman |
| 20:45 | Scroll of Regeneration |
| 20:50 | Scroll of Town Portal |
| 21:05 | Mortar Team |
| 21:08 | Priest |
| 21:10 | Knight |
| 21:12 | Iron Forged Swords |
| 21:14 | Iron Plating |
| 21:22 | Farm |
| 21:26 | Farm |
| 22:21 | Gryphon Rider |
| 22:27 | Priest |
| 23:22 | Scroll of Regeneration |
| 23:39 | Arcane Vault |
| 23:42 | Storm Hammers |
| 23:43 | Dragonhawk Rider |
| 23:47 | Rifleman |
| 23:52 | Flying Machine |
| 23:52 | Flying Machine |
| 23:55 | Priest |
| 23:57 | Sorceress Adept Training |
| 23:58 | Sorceress |
| 25:17 | Dragonhawk Rider |
| 25:38 | Rifleman |
| 25:39 | Knight |
| 25:39 | Animal War Training |
| 25:51 | Advanced Masonry |
| 26:06 | Scroll of Town Portal |
| 26:06 | Scroll of Town Portal |
| 27:05 | Town Hall |
| 27:40 | Lesser Clarity Potion |
| 27:55 | Scroll of Regeneration |
| 28:37 | Scout Tower |
| 28:37 | Scout Tower |
| 28:39 | Scout Tower |
| 28:42 | Scout Tower |
| 28:43 | Scout Tower |
| 28:45 | Scout Tower |
| 29:03 | Silence |
| 29:05 | Banish |
| 29:22 | Potion of Healing |
| 29:52 | Guard Tower |
| 30:03 | Dragonhawk Rider |
| 30:07 | Guard Tower |
| 30:10 | Guard Tower |
| 30:16 | Scout Tower |
| 30:25 | Scout Tower |
| 30:26 | Cannon Tower |
| 30:37 | Sorceress Master Training |
| 30:38 | Sorceress |
| 30:41 | Rifleman |
| 30:52 | Dragonhawk Rider |
| 30:52 | Dragonhawk Rider |
| 31:11 | Guard Tower |
| 31:14 | Guard Tower |
| 31:38 | Lumber Mill |
| 31:52 | Lumber Mill |
| 32:30 | Dragonhawk Rider |
| 33:34 | Flying Machine |
| 34:19 | Tiny Great Hall |
| 34:58 | Flying Machine |
| 35:02 | Knight |
| 35:07 | Peasant |
| 35:08 | Peasant |
| 35:27 | Peasant |
| 35:35 | Peasant |
| 35:40 | Peasant |
| 36:05 | Dragonhawk Rider |
| 36:54 | Knight |
| 36:59 | Steel Plating |
| 37:24 | Dragonhawk Rider |
| 37:42 | Tiny Great Hall |
| 38:39 | Ivory Tower |
| 38:39 | Ivory Tower |
| 38:39 | Ivory Tower |
| 38:50 | Peasant |
| 39:06 | Guard Tower |
| 39:17 | Arcane Tower |
| 39:24 | Scroll of Town Portal |
| 39:32 | Mortar Team |
| 39:49 | Gryphon Aviary |
| 40:40 | Imbued Masonry |
| 40:45 | Dragonhawk Rider |
| 40:51 | Priest |
| 41:54 | Scout Tower |
| 42:24 | Arcane Tower |
| 42:28 | Guard Tower |
| 42:31 | Scout Tower |
| 42:37 | Scout Tower |
| 42:53 | Barrage |
| 42:55 | Siege Engine |
| 42:56 | Mortar Team |
| 42:58 | Control Magic |
| 42:58 | Spell Breaker |
| 42:59 | Sorceress |
| 42:59 | Priest |
| 43:03 | Defend |
| 43:04 | Footman |
| 43:04 | Rifleman |
| 43:31 | Guard Tower |
| 44:36 | Dragonhawk Rider |
| 45:12 | Dragonhawk Rider |
| 45:22 | Rifleman |
| 45:24 | Flying Machine |
| 45:44 | Priest |
| 47:39 | Siphon Mana |
| 48:10 | Dragonhawk Rider |
| 48:14 | Blizzard |
| 48:26 | Life Drain |
| 48:33 | Siege Engine |
| 53:14 | Mortar Team |
| 53:24 | Dragonhawk Rider |
| 54:13 | Lesser Clarity Potion |
| 54:17 | Scroll of Regeneration |
| 54:20 | Scroll of Town Portal |
| 56:04 | Scroll of Regeneration |
| 56:07 | Scroll of Town Portal |
| 57:43 | Mechanical Critter |
| 58:30 | Scroll of Town Portal |
| 59:56 | Dragonhawk Rider |
| 61:18 | Flame Strike |
| 68:13 | Blizzard |
| 68:36 | Dragonhawk Rider |
| 69:51 | Lesser Clarity Potion |
| 69:55 | Lesser Clarity Potion |
| 74:11 | Black Arrow |
| Select | 1032 |
| Right click | 1004 |
| Build/train/purchase | 303 |
| Use ability | 118 |
| Minimap ping | 17 |
| Misc. action | 9 |
| Item give/drop | 7 |
| Resource trade | 4 |
| Chat | 4 |
SunnyBoy
(6)
(81:53) : 


| Healing Salve | 7 | 700 |
| Lesser Clarity Potion | 13 | 910 |
| Potion of Healing | 2 | 300 |
| Orb of Lightning | 1 | 375 |
| Staff of Sanctuary | 1 | 250 |
| total: | 24 | 2535g |
| Peon | 16 | 1200 | / | 0 |
| Grunt | 6 | 1200 | / | 0 |
| Troll Batrider | 26 | 4160 | / | 1040 |
| Troll Witch Doctor | 14 | 2030 | / | 350 |
| Demolisher | 17 | 3740 | / | 850 |
| Wind Rider | 11 | 2915 | / | 440 |
| total: | 90 | 15245g | / | 2680w |
| Watch Tower | 34 | 3740 | / | 2720 |
| Altar of Storms | 2 | 360 | / | 100 |
| Orc Burrow | 11 | 1760 | / | 440 |
| Barracks | 2 | 360 | / | 100 |
| Voodoo Lounge | 2 | 260 | / | 60 |
| War Mill | 3 | 615 | / | 0 |
| Great Hall | 3 | 1155 | / | 555 |
| Beastiary | 1 | 145 | / | 140 |
| Spirit Lodge | 2 | 300 | / | 300 |
| Stronghold | 2 | 630 | / | 380 |
| Fortress | 2 | 650 | / | 380 |
| total: | 60 | 8695g | / | 4415w |
| 0:03 | Peon |
| 0:03 | Peon |
| 0:19 | Altar of Storms |
| 0:22 | Peon |
| 0:35 | Orc Burrow |
| 0:37 | Peon |
| 0:50 | Barracks |
| 0:52 | Peon |
| 1:19 | Voodoo Lounge |
| 1:49 | Orc Burrow |
| 1:52 | Grunt |
| 2:01 | Grunt |
| 2:05 | Pillage |
| 2:25 | Healing Salve |
| 2:26 | Healing Salve |
| 2:26 | Lesser Clarity Potion |
| 2:26 | Lesser Clarity Potion |
| 2:46 | Grunt |
| 2:55 | Serpent Ward |
| 3:24 | Grunt |
| 4:10 | Grunt |
| 4:12 | Stronghold |
| 4:33 | Lesser Clarity Potion |
| 4:34 | Lesser Clarity Potion |
| 4:34 | Healing Salve |
| 5:30 | Orc Burrow |
| 5:32 | War Mill |
| 5:33 | Grunt |
| 6:01 | Orc Burrow |
| 6:45 | Steel Armor |
| 6:46 | Steel Melee Weapons |
| 7:06 | Watch Tower |
| 7:27 | Watch Tower |
| 7:30 | Watch Tower |
| 7:34 | Peon |
| 7:34 | Peon |
| 7:34 | Peon |
| 8:00 | Peon |
| 8:00 | Peon |
| 8:15 | Healing Salve |
| 8:16 | Healing Salve |
| 8:16 | Lesser Clarity Potion |
| 8:16 | Lesser Clarity Potion |
| 8:20 | Feral Spirit |
| 8:32 | Great Hall |
| 8:44 | Orc Burrow |
| 9:15 | Fortress |
| 9:39 | Beastiary |
| 9:52 | Hex |
| 10:54 | Orc Burrow |
| 10:55 | Troll Batrider |
| 10:55 | Troll Batrider |
| 11:45 | Reinforced Defenses |
| 11:46 | Watch Tower |
| 11:48 | Watch Tower |
| 11:50 | Watch Tower |
| 11:52 | Peon |
| 11:52 | Peon |
| 12:03 | Troll Batrider |
| 12:08 | Spirit Lodge |
| 13:06 | Troll Batrider |
| 13:09 | Lesser Clarity Potion |
| 13:09 | Lesser Clarity Potion |
| 13:10 | Healing Salve |
| 13:10 | Healing Salve |
| 13:13 | Chain Lighting |
| 13:16 | Mirror Image |
| 13:31 | Witch Doctor Adept Training |
| 13:37 | Troll Batrider |
| 14:39 | Troll Witch Doctor |
| 14:56 | Troll Witch Doctor |
| 14:57 | Witch Doctor Master Training |
| 14:59 | Steel Ranged Weapons |
| 15:02 | Watch Tower |
| 15:11 | Troll Batrider |
| 15:22 | Troll Witch Doctor |
| 16:41 | Burning Oil |
| 16:46 | Serpent Ward |
| 18:20 | Stronghold |
| 18:21 | Troll Batrider |
| 18:21 | Troll Batrider |
| 18:21 | Troll Batrider |
| 18:21 | Troll Batrider |
| 18:34 | Orc Burrow |
| 19:02 | Critical Strike |
| 19:15 | Troll Batrider |
| 19:15 | Troll Batrider |
| 19:29 | War Mill |
| 19:41 | War Mill |
| 20:12 | Orc Burrow |
| 20:14 | Orc Burrow |
| 20:47 | Orc Burrow |
| 21:01 | Spiked Barricades |
| 21:10 | Watch Tower |
| 21:12 | Watch Tower |
| 21:32 | Watch Tower |
| 21:44 | Altar of Storms |
| 22:09 | Peon |
| 22:09 | Peon |
| 23:06 | Spirit Lodge |
| 23:43 | Voodoo Lounge |
| 24:24 | Troll Witch Doctor |
| 24:25 | Fortress |
| 24:44 | Great Hall |
| 24:45 | Watch Tower |
| 24:46 | Watch Tower |
| 25:21 | Troll Witch Doctor |
| 25:21 | Troll Witch Doctor |
| 25:35 | Watch Tower |
| 25:39 | Watch Tower |
| 25:41 | Watch Tower |
| 25:53 | Troll Witch Doctor |
| 26:28 | Orc Burrow |
| 26:32 | Watch Tower |
| 26:39 | Watch Tower |
| 26:54 | Watch Tower |
| 26:58 | Watch Tower |
| 27:00 | Mirror Image |
| 27:53 | Troll Batrider |
| 27:53 | Troll Batrider |
| 27:53 | Troll Batrider |
| 27:54 | Troll Batrider |
| 28:18 | Watch Tower |
| 28:19 | Peon |
| 28:25 | Troll Batrider |
| 28:41 | Watch Tower |
| 28:48 | Watch Tower |
| 28:51 | Troll Batrider |
| 28:54 | Liquid Fire |
| 29:23 | Troll Batrider |
| 29:29 | Watch Tower |
| 29:48 | Troll Batrider |
| 29:51 | Watch Tower |
| 30:17 | Troll Batrider |
| 31:10 | Watch Tower |
| 31:39 | Watch Tower |
| 32:12 | Peon |
| 33:11 | Watch Tower |
| 33:13 | Barracks |
| 33:27 | Watch Tower |
| 34:05 | Troll Batrider |
| 34:07 | Troll Witch Doctor |
| 34:12 | Chain Lighting |
| 34:16 | Watch Tower |
| 34:19 | Demolisher |
| 34:19 | Demolisher |
| 34:33 | Watch Tower |
| 35:23 | Watch Tower |
| 35:41 | Great Hall |
| 36:28 | Watch Tower |
| 37:32 | Watch Tower |
| 38:36 | Watch Tower |
| 41:14 | Demolisher |
| 41:34 | Troll Witch Doctor |
| 42:20 | Lesser Clarity Potion |
| 42:20 | Lesser Clarity Potion |
| 42:20 | Potion of Healing |
| 42:21 | Orb of Lightning |
| 43:19 | Thorium Ranged Weapons |
| 45:13 | Arcanite Ranged Weapons |
| 45:14 | Thorium Armor |
| 45:16 | Troll Witch Doctor |
| 48:34 | Hex |
| 48:36 | Feral Spirit |
| 50:22 | Demolisher |
| 51:22 | Demolisher |
| 52:02 | Troll Batrider |
| 52:02 | Troll Batrider |
| 52:02 | Troll Batrider |
| 52:02 | Troll Batrider |
| 53:00 | Demolisher |
| 53:01 | Demolisher |
| 53:29 | Critical Strike |
| 53:59 | Troll Witch Doctor |
| 54:00 | Troll Witch Doctor |
| 57:28 | Staff of Sanctuary |
| 58:19 | Wind Rider |
| 58:19 | Wind Rider |
| 58:19 | Wind Rider |
| 58:19 | Wind Rider |
| 59:12 | Demolisher |
| 59:12 | Demolisher |
| 59:12 | Demolisher |
| 59:12 | Demolisher |
| 59:38 | Demolisher |
| 59:38 | Demolisher |
| 59:47 | Troll Witch Doctor |
| 59:54 | Lesser Clarity Potion |
| 59:57 | Potion of Healing |
| 60:09 | Wind Rider |
| 60:36 | Envenomed Spears |
| 61:21 | Demolisher |
| 61:21 | Demolisher |
| 61:21 | Demolisher |
| 61:21 | Demolisher |
| 61:38 | Lesser Clarity Potion |
| 67:27 | Wind Rider |
| 67:27 | Wind Rider |
| 69:51 | Wind Rider |
| 69:51 | Wind Rider |
| 72:00 | Wind Rider |
| 75:52 | Troll Witch Doctor |
| 76:22 | Wind Rider |
| 78:10 | Lesser Clarity Potion |
| Right click | 4207 |
| Select group | 3643 |
| Select | 1248 |
| Use ability | 258 |
| Build/train/purchase | 226 |
| Chat | 135 |
| Minimap ping | 68 |
| Assign group | 49 |
| Resource trade | 25 |
| Item give/drop | 10 |
| Remove unit | 8 |
| Misc. action | 1 |
87 units @ 8.5k
/ 1.4k
122 buildings @ 9.4k
/ 4.3k



| Orb of Fire | 1 | 325 |
| total: | 1 | 325g |
| Peasant | 18 | 1350 | / | 0 |
| Mortar Team | 7 | 1260 | / | 490 |
| Flying Machine | 25 | 2500 | / | 750 |
| Dragonhawk Rider | 2 | 400 | / | 60 |
| total: | 52 | 5510g | / | 1300w |
| Scout Tower | 21 | 630 | / | 420 |
| Arcane Tower | 3 | 210 | / | 150 |
| Guard Tower | 7 | 490 | / | 350 |
| Altar of Kings | 2 | 360 | / | 100 |
| Farm | 20 | 1600 | / | 400 |
| Lumber Mill | 2 | 240 | / | 0 |
| Town Hall | 1 | 385 | / | 205 |
| Blacksmith | 1 | 140 | / | 60 |
| Arcane Vault | 1 | 130 | / | 30 |
| Cannon Tower | 1 | 120 | / | 100 |
| Workshop | 3 | 420 | / | 420 |
| Gryphon Aviary | 1 | 140 | / | 150 |
| Keep | 1 | 320 | / | 210 |
| Castle | 1 | 360 | / | 210 |
| total: | 52 | 4045g | / | 1785w |
| 0:04 | Peasant |
| 0:04 | Peasant |
| 0:18 | Peasant |
| 0:20 | Altar of Kings |
| 0:22 | Peasant |
| 0:38 | Farm |
| 0:39 | Peasant |
| 0:41 | Peasant |
| 0:51 | Lumber Mill |
| 0:52 | Peasant |
| 0:57 | Peasant |
| 1:06 | Farm |
| 1:08 | Scout Tower |
| 1:27 | Peasant |
| 1:38 | Peasant |
| 1:48 | Arcane Tower |
| 1:54 | Peasant |
| 1:57 | Improved Lumber Harvesting |
| 2:01 | Farm |
| 2:05 | Peasant |
| 2:28 | Storm Bolt |
| 2:52 | Peasant |
| 2:52 | Peasant |
| 2:54 | Scout Tower |
| 3:26 | Town Hall |
| 3:28 | Scout Tower |
| 3:31 | Scout Tower |
| 3:45 | Arcane Tower |
| 3:48 | Scout Tower |
| 4:12 | Peasant |
| 4:24 | Peasant |
| 4:28 | Scout Tower |
| 4:37 | Scout Tower |
| 4:41 | Scout Tower |
| 4:46 | Arcane Tower |
| 4:58 | Improved Masonry |
| 5:00 | Guard Tower |
| 5:02 | Scout Tower |
| 5:14 | Guard Tower |
| 5:25 | Guard Tower |
| 5:55 | Scout Tower |
| 5:57 | Scout Tower |
| 6:02 | Peasant |
| 6:53 | Keep |
| 6:59 | Scout Tower |
| 7:00 | Scout Tower |
| 7:09 | Guard Tower |
| 7:27 | Blacksmith |
| 7:35 | Scout Tower |
| 7:35 | Scout Tower |
| 7:37 | Scout Tower |
| 7:38 | Scout Tower |
| 7:52 | Guard Tower |
| 8:18 | Black Gunpowder |
| 8:45 | Guard Tower |
| 8:47 | Scout Tower |
| 8:48 | Scout Tower |
| 8:49 | Scout Tower |
| 8:49 | Scout Tower |
| 9:24 | Workshop |
| 9:27 | Workshop |
| 9:28 | Workshop |
| 9:31 | Castle |
| 9:38 | Farm |
| 9:39 | Farm |
| 9:41 | Farm |
| 9:42 | Farm |
| 9:42 | Farm |
| 10:25 | Guard Tower |
| 10:50 | Altar of Kings |
| 10:57 | Flare |
| 10:57 | Flak Cannons |
| 11:01 | Refined Gunpowder |
| 11:05 | Mortar Team |
| 12:04 | Flying Machine Bombs |
| 12:04 | Fragmentation Shards |
| 12:21 | Farm |
| 12:22 | Farm |
| 12:22 | Farm |
| 12:23 | Farm |
| 12:24 | Farm |
| 12:25 | Farm |
| 12:25 | Farm |
| 13:02 | Mortar Team |
| 13:06 | Farm |
| 13:08 | Farm |
| 13:09 | Farm |
| 13:13 | Imbued Gunpowder |
| 13:37 | Flying Machine |
| 13:38 | Flying Machine |
| 13:38 | Flying Machine |
| 13:38 | Flying Machine |
| 13:38 | Flying Machine |
| 13:38 | Flying Machine |
| 13:39 | Flying Machine |
| 14:54 | Flying Machine |
| 14:54 | Flying Machine |
| 14:55 | Flying Machine |
| 14:55 | Flying Machine |
| 14:55 | Flying Machine |
| 14:55 | Flying Machine |
| 14:56 | Flying Machine |
| 15:01 | Iron Plating |
| 15:22 | Cannon Tower |
| 18:03 | Bash |
| 19:44 | Flying Machine |
| 19:47 | Flying Machine |
| 19:52 | Mortar Team |
| 21:13 | Arcane Vault |
| 21:44 | Lumber Mill |
| 22:23 | Gryphon Aviary |
| 22:33 | Advanced Masonry |
| 22:45 | Studded Leather Armor |
| 22:46 | Steel Plating |
| 23:25 | Cloud |
| 23:26 | Dragonhawk Rider |
| 23:26 | Dragonhawk Rider |
| 23:48 | Flying Machine |
| 23:49 | Flying Machine |
| 23:50 | Flying Machine |
| 23:55 | Flying Machine |
| 24:12 | Divine Shield |
| 25:06 | Divine Shield |
| 25:34 | Storm Bolt |
| 27:15 | Storm Bolt |
| 40:52 | Bash |
| 40:53 | Holy Light |
| 44:38 | Bash |
| 45:05 | Mortar Team |
| 45:55 | Brilliance Aura |
| 48:47 | Divine Shield |
| 48:48 | Divine Shield |
| 49:44 | Flying Machine |
| 49:44 | Flying Machine |
| 49:44 | Flying Machine |
| 49:44 | Flying Machine |
| 49:45 | Flying Machine |
| 51:52 | Mortar Team |
| 51:53 | Mortar Team |
| 54:12 | Holy Light |
| 56:28 | Storm Bolt |
| 64:18 | Peasant |
| 64:37 | Farm |
| 64:38 | Farm |
| 65:20 | Mortar Team |
| 67:10 | Orb of Fire |
| 67:31 | Avatar |
| 74:22 | Bash |
| Right click | 4414 |
| Select group | 1020 |
| Select | 547 |
| Use ability | 194 |
| Misc. action | 167 |
| Build/train/purchase | 145 |
| Resource trade | 29 |
| Assign group | 19 |
| Minimap ping | 19 |
| Remove unit | 7 |
| Chat | 4 |
| Item give/drop | 1 |



| Peasant | 17 | 1275 | / | 0 |
| total: | 17 | 1275g | / | 0w |
| Scout Tower | 38 | 1140 | / | 760 |
| Arcane Tower | 5 | 350 | / | 250 |
| Guard Tower | 12 | 840 | / | 600 |
| Altar of Kings | 4 | 720 | / | 200 |
| Farm | 6 | 480 | / | 120 |
| Lumber Mill | 2 | 240 | / | 0 |
| Keep | 1 | 320 | / | 210 |
| total: | 50 | 2580g | / | 1080w |
| 0:03 | Peasant |
| 0:03 | Peasant |
| 0:08 | Altar of Kings |
| 0:14 | Peasant |
| 0:21 | Farm |
| 0:22 | Farm |
| 0:44 | Peasant |
| 0:44 | Peasant |
| 0:44 | Peasant |
| 0:55 | Lumber Mill |
| 0:56 | Peasant |
| 1:06 | Scout Tower |
| 1:10 | Farm |
| 1:20 | Peasant |
| 1:20 | Peasant |
| 1:29 | Peasant |
| 1:37 | Peasant |
| 1:41 | Arcane Tower |
| 1:54 | Peasant |
| 2:01 | Improved Lumber Harvesting |
| 2:29 | Peasant |
| 2:29 | Peasant |
| 2:29 | Peasant |
| 2:47 | Peasant |
| 2:47 | Peasant |
| 2:59 | Storm Bolt |
| 3:38 | Scout Tower |
| 4:31 | Scout Tower |
| 4:32 | Scout Tower |
| 4:33 | Scout Tower |
| 4:35 | Scout Tower |
| 4:37 | Keep |
| 4:41 | Scout Tower |
| 4:56 | Guard Tower |
| 4:59 | Scout Tower |
| 5:01 | Scout Tower |
| 5:03 | Improved Masonry |
| 5:10 | Guard Tower |
| 7:02 | Altar of Kings |
| 7:07 | Altar of Kings |
| 7:10 | Guard Tower |
| 7:31 | Guard Tower |
| 7:42 | Lumber Mill |
| 7:48 | Scout Tower |
| 7:48 | Scout Tower |
| 7:49 | Scout Tower |
| 8:05 | Scout Tower |
| 8:06 | Scout Tower |
| 8:07 | Scout Tower |
| 8:08 | Scout Tower |
| 8:11 | Scout Tower |
| 8:12 | Scout Tower |
| 8:25 | Holy Light |
| 8:47 | Scout Tower |
| 8:48 | Scout Tower |
| 8:49 | Scout Tower |
| 8:49 | Scout Tower |
| 8:50 | Scout Tower |
| 8:51 | Scout Tower |
| 8:51 | Scout Tower |
| 8:52 | Scout Tower |
| 8:57 | Arcane Tower |
| 9:39 | Guard Tower |
| 9:50 | Guard Tower |
| 10:36 | Arcane Tower |
| 10:38 | Guard Tower |
| 10:54 | Arcane Tower |
| 13:44 | Holy Light |
| 16:05 | Altar of Kings |
| 16:15 | Farm |
| 16:16 | Farm |
| 16:17 | Farm |
| 16:29 | Scout Tower |
| 16:30 | Scout Tower |
| 16:32 | Scout Tower |
| 16:32 | Scout Tower |
| 18:33 | Bash |
| 21:20 | Guard Tower |
| 23:32 | Scout Tower |
| 23:33 | Scout Tower |
| 23:33 | Scout Tower |
| 23:34 | Scout Tower |
| 23:34 | Scout Tower |
| 23:35 | Scout Tower |
| 23:35 | Scout Tower |
| 23:36 | Scout Tower |
| 24:18 | Guard Tower |
| 25:18 | Arcane Tower |
| 25:22 | Guard Tower |
| 26:31 | Guard Tower |
| 26:33 | Guard Tower |
| 29:56 | Holy Light |
| 50:28 | Blizzard |
| 52:06 | Storm Bolt |
| 60:31 | Holy Light |
| 61:41 | Avatar |
| 63:29 | Resurrection |
| 68:10 | Resurrection |
| 74:17 | Devotion Aura |
| 77:57 | Bash |
| 83:52 | Divine Shield |
| Right click | 5504 |
| Select group | 2529 |
| Select | 897 |
| Build/train/purchase | 108 |
| Use ability | 95 |
| Minimap ping | 92 |
| Chat | 47 |
| Assign group | 33 |
| Resource trade | 30 |
| Misc. action | 15 |
| Esc | 2 |
Cabeelibob
(194)
(89:09) : 
| Orb of Lightning | 1 | 375 |
| Tiny Great Hall | 5 | 3000 |
| Healing Salve | 2 | 200 |
| Lesser Clarity Potion | 5 | 350 |
| Boots of Speed | 3 | 750 |
| Staff of Teleportation | 1 | 150 |
| Amulet of Spell Shield | 1 | 600 |
| Gloves of Haste | 1 | 125 |
| Claws of Attack +9 | 1 | 300 |
| total: | 20 | 5850g |
| Peon | 13 | 975 | / | 0 |
| Troll Witch Doctor | 5 | 725 | / | 125 |
| total: | 18 | 1700g | / | 125w |
| Watch Tower | 12 | 1320 | / | 960 |
| Altar of Storms | 1 | 180 | / | 50 |
| Orc Burrow | 2 | 320 | / | 80 |
| War Mill | 1 | 205 | / | 0 |
| Voodoo Lounge | 2 | 260 | / | 60 |
| Great Hall | 1 | 385 | / | 185 |
| Spirit Lodge | 1 | 150 | / | 150 |
| Stronghold | 1 | 315 | / | 190 |
| Fortress | 1 | 325 | / | 190 |
| total: | 20 | 2820g | / | 1485w |
| 0:04 | Altar of Storms |
| 0:08 | Orc Burrow |
| 0:09 | Peon |
| 0:28 | Peon |
| 0:41 | Peon |
| 0:46 | War Mill |
| 1:17 | Voodoo Lounge |
| 1:23 | Peon |
| 1:23 | Peon |
| 1:40 | Peon |
| 1:50 | Orc Burrow |
| 2:08 | Wind Walk |
| 2:21 | Peon |
| 2:29 | Watch Tower |
| 2:48 | Peon |
| 3:29 | Watch Tower |
| 4:11 | Watch Tower |
| 4:11 | Watch Tower |
| 4:12 | Watch Tower |
| 4:37 | Peon |
| 4:37 | Peon |
| 5:19 | Watch Tower |
| 5:31 | Voodoo Lounge |
| 5:57 | Watch Tower |
| 6:03 | Peon |
| 6:13 | Peon |
| 6:50 | Peon |
| 7:06 | Watch Tower |
| 7:38 | Watch Tower |
| 7:47 | Watch Tower |
| 8:02 | Watch Tower |
| 8:29 | Great Hall |
| 8:37 | Watch Tower |
| 8:51 | Critical Strike |
| 11:18 | Stronghold |
| 12:40 | Spiked Barricades |
| 13:04 | Boots of Speed |
| 13:05 | Staff of Teleportation |
| 13:43 | Fortress |
| 13:49 | Reinforced Defenses |
| 15:33 | Critical Strike |
| 16:22 | Orb of Lightning |
| 16:28 | Tiny Great Hall |
| 16:32 | Healing Salve |
| 16:37 | Lesser Clarity Potion |
| 18:58 | Tiny Great Hall |
| 21:02 | Tiny Great Hall |
| 22:36 | Lesser Clarity Potion |
| 23:33 | Tiny Great Hall |
| 24:18 | Wind Walk |
| 25:27 | Lesser Clarity Potion |
| 28:08 | Lesser Clarity Potion |
| 29:05 | Spirit Lodge |
| 30:22 | Troll Witch Doctor |
| 30:23 | Witch Doctor Adept Training |
| 31:38 | Critical Strike |
| 32:03 | Healing Salve |
| 34:54 | Witch Doctor Master Training |
| 34:55 | Troll Witch Doctor |
| 34:55 | Troll Witch Doctor |
| 34:55 | Troll Witch Doctor |
| 34:59 | Troll Witch Doctor |
| 35:36 | Amulet of Spell Shield |
| 35:40 | Gloves of Haste |
| 40:54 | Lesser Clarity Potion |
| 40:59 | Tiny Great Hall |
| 41:55 | Boots of Speed |
| 41:55 | Boots of Speed |
| 43:54 | Claws of Attack +9 |
| 44:22 | Bladestorm |
| 56:13 | Wind Walk |
| 67:42 | Mirror Image |
| 80:58 | Mirror Image |
| Right click | 3212 |
| Misc. action | 341 |
| Select group | 223 |
| Select | 190 |
| Build/train/purchase | 163 |
| Resource trade | 160 |
| Chat | 20 |
| Item give/drop | 19 |
| Use ability | 18 |
| Minimap ping | 6 |
| Esc | 4 |
| Assign group | 2 |
⇛